 Seeded DCSS version 0.27-a0-1200-g94dc6ad4cf (webtiles) character file.

Game seed: 13226923321322069579 (custom seed)

350 flotson the Covert (level 6, 0/53 HPs)
             Began as a Gnoll Delver on May 30, 2021.
             Slain by Sigmund
             ... wielding a +0 scythe
              (11 damage)
             ... on level 3 of the Dungeon.
             The game lasted 00:06:11 (3257 turns).

flotson the Covert (Gnoll Delver)                   Turns: 3257, Time: 00:06:12

Health: 0/53       AC:  6    Str: 13    XL:     6   Next: 61%
Magic:  9/9        EV: 12    Int: 15    God:
Gold:   193        SH:  0    Dex: 14    Spells: 9/9 levels left

rFire    + . .     SeeInvis .   a - +2 dagger (drain)
rCold    . . .     Faith    .   q - +0 buckler
rNeg     . . .     Spirit   .   x - +0 ring mail {rF+}
rPois    .         Reflect  .   n - +0 helmet
rElec    .         Harm     .   (no cloak)
rCorr    .         Rampage  .   (no gloves)
Will     .....                  (no boots)
Stlth    +.........             (no amulet)
HPRegen  0.17/turn              s - +6 ring of intelligence
MPRegen  0.11/turn              (no ring)

@: confused
A: fangs 1, strong nose, distributed training
a: no special abilities


You were on level 3 of the Dungeon.
You visited 1 branch of the dungeon, and saw 5 of its levels.

You collected 193 gold pieces.

Inventory:

Hand Weapons
 a - a +2 dagger of draining (weapon)
 b - a +0 hunting sling
 c - a +1 trident of protection
Missiles
 i - 5 boomerangs
 j - 100 stones (quivered)
Armour
 n - a +0 helmet (worn)
 q - a +0 buckler (worn)
 x - a +0 ring mail of fire resistance (worn)
Jewellery
 s - a +6 ring of intelligence (left hand)
Wands
 g - a wand of digging (3)
 w - a wand of iceblast (6)
Scrolls
 d - 2 scrolls of magic mapping
 e - a scroll of fear
 h - a scroll of identify {unknown}
 l - a scroll of fog
 o - 2 scrolls of teleportation {unknown}
 p - a scroll of enchant weapon {unknown}
 t - a scroll of noise {unknown}
 v - a scroll of blinking {unknown}
Potions
 f - a potion of haste
 k - a potion of degeneration {unknown}
 m - a potion of attraction {unknown}
 r - a potion of curing {unknown}
 u - 2 potions of heal wounds {unknown}


   Skills:
 + Level 6.8 Fighting
 + Level 2.0 Short Blades
 + Level 2.0 Long Blades
 + Level 2.0 Axes
 + Level 2.0 Maces & Flails
 + Level 5.0 Polearms
 + Level 2.0 Staves
 + Level 2.0 Slings
 + Level 2.0 Bows
 + Level 2.0 Crossbows
 + Level 2.0 Throwing
 + Level 2.0 Armour
 + Level 5.0 Dodging
 + Level 9.7 Stealth
 + Level 2.0 Shields
 + Level 2.0 Unarmed Combat
 + Level 2.0 Spellcasting
 + Level 1.6 Conjurations
 + Level 1.6 Hexes
 + Level 1.6 Summonings
 + Level 1.6 Necromancy
 + Level 1.6 Translocations
 + Level 1.6 Transmutations
 + Level 1.6 Fire Magic
 + Level 1.6 Ice Magic
 + Level 1.6 Air Magic
 + Level 1.6 Earth Magic
 + Level 1.6 Poison Magic
 + Level 2.2 Invocations
 + Level 2.0 Evocations


You had 9 spell levels left.
You didn't know any spells.
Your spell library was empty.

Dungeon Overview and Level Annotations

Branches:
Dungeon (5/15)
 Temple: D:4-7

Altars:
Dithmenos
Trog

Annotations:
D:3 Sigmund


Innate Abilities, Weirdness & Mutations

You have very sharp teeth.
Your uncanny sense of smell can sniff out nearby items.
Your experience applies equally to all skills.


Message History

You are more confused.
Sigmund points at you and mumbles some strange words.
You are more confused.
You bump into the rock wall.
You bump into the rock wall.
Sigmund barely misses you.
You bump into the rock wall.
Sigmund hits you from afar with a +0 scythe!
You bump into the rock wall.
The ball python closely misses you. x2
Sigmund hits you from afar with a +0 scythe!
The ball python closely misses you. The ball python grabs you.
The ball python constricts you.
You bump into the rock wall.
The ball python bites you. The ball python constricts you.
Sigmund closely misses you.
You hit the ball python.
You kill the ball python!
Sigmund points at you and mumbles some strange words.
The magic dart hits you.
Okay, then.
You're too confused to move!
Sigmund casts a spell at you.
You are more confused.
Sigmund gestures at himself while chanting.
Sigmund flickers and vanishes!
Deactivating autopickup; reactivate with Ctrl-A.
Something hits you but does no damage.
You bump into the rock wall.
Something hits you!
* * * LOW HITPOINT WARNING * * *
Something barely misses you.
A magic dart appears from out of thin air!
The magic dart hits you.
* * * LOW HITPOINT WARNING * * *
You bump into the rock wall.
You hear some strange, mumbled words.
You are more confused.
You hear some strange, mumbled words.
You are more confused.
Something hits you but does no damage. Something barely misses you.
You bump into the rock wall.
Something hits you!
You die...

.#...#...#...#...#...#
#...#...#...#...#.#
.#...#...#...#...#
..#...#..(#...#.#
.#...#...#...#...#
...#...#...#...#.#
#...#...#...#...#
#...#...#...#.#
#...#@..#..##
#...#.†.#...##
#...#...#...#.#
...#...#.......#
..#..#..########
.......# .#.... #.###
..


There were no monsters in sight!

Vanquished Creatures
  2 necrophages (D:3)
  Terence (D:2)
  An iguana (D:4)
  A hound skeleton (D:4)
  2 adders
  2 worms
  3 dart slugs
  5 orcs (D:4)
  6 bats
  7 endoplasms
  2 giant cockroaches
  4 goblins
  6 hobgoblins
  6 jackals
  4 kobolds
  2 quokkas
  9 ball pythons
  7 frilled lizards
  2 rats
72 creatures vanquished.

Vanquished Creatures (others)
  2 fungi (D:3)
  9 plants (D:2)
11 creatures vanquished.

Grand Total: 83 creatures vanquished

Notes
Turn   | Place    | Note
-------+----------+-------------------------------------------
     0 | D:5      | Reached skill level 9 in Stealth
     0 | D:5      | flotson the Gnoll Delver began the quest for the Orb.
     0 | D:5      | Reached XP level 1. HP: 23/23 MP: 1/1
    32 | D:4      | Reached XP level 2. HP: 20/29 MP: 2/2
   147 | D:4      | Reached skill level 1 in Invocations
   147 | D:4      | Reached XP level 3. HP: 22/35 MP: 2/4
   378 | D:4      | Reached skill level 1 in Short Blades
   378 | D:4      | Reached skill level 1 in Long Blades
   378 | D:4      | Reached skill level 1 in Axes
   378 | D:4      | Reached skill level 1 in Maces & Flails
   378 | D:4      | Reached skill level 1 in Staves
   378 | D:4      | Reached skill level 1 in Slings
   378 | D:4      | Reached skill level 1 in Bows
   378 | D:4      | Reached skill level 1 in Crossbows
   378 | D:4      | Reached skill level 1 in Throwing
   378 | D:4      | Reached skill level 1 in Armour
   378 | D:4      | Reached skill level 1 in Shields
   378 | D:4      | Reached skill level 1 in Unarmed Combat
   378 | D:4      | Reached skill level 1 in Spellcasting
   378 | D:4      | Reached skill level 1 in Evocations
   573 | D:4      | Reached XP level 4. HP: 41/41 MP: 5/5
  1104 | D:1      | Reached skill level 1 in Conjurations
  1104 | D:1      | Reached skill level 1 in Hexes
  1104 | D:1      | Reached skill level 1 in Summonings
  1104 | D:1      | Reached skill level 1 in Necromancy
  1104 | D:1      | Reached skill level 1 in Translocations
  1104 | D:1      | Reached skill level 1 in Transmutations
  1104 | D:1      | Reached skill level 1 in Fire Magic
  1104 | D:1      | Reached skill level 1 in Ice Magic
  1104 | D:1      | Reached skill level 1 in Air Magic
  1104 | D:1      | Reached skill level 1 in Earth Magic
  1104 | D:1      | Reached skill level 1 in Poison Magic
  1917 | D:2      | Found a faded altar of an unknown god.
  1935 | D:2      | Reached XP level 5. HP: 44/47 MP: 6/6
  2054 | D:2      | Noticed Terence
  2056 | D:2      | Killed Terence
  2527 | D:3      | Found a shadowy altar of Dithmenos.
  2531 | D:3      | Found a bloodstained altar of Trog.
  2627 | D:3      | Noticed a necrophage
  2658 | D:3      | Killed a necrophage
  2659 | D:3      | Reached XP level 6. HP: 21/53 MP: 8/8
  2910 | D:3      | Noticed a necrophage
  2934 | D:3      | Killed a necrophage
  2935 | D:3      | Reached skill level 5 in Polearms
  2935 | D:3      | Reached skill level 5 in Dodging
  3227 | D:3      | Noticed Sigmund
  3257 | D:3      | Slain by Sigmund

Illustrated notes

Levels and vault maps discovered:
D:1:      heliophobic_arrival_battle_scene, layout_basic, serial_park_tiny_pond
D:2:      layout_loops_ring, serial_bayou, serial_bayou_lagoon_a,
          serial_bayou_pond_c, serial_bayou_pond_a, serial_bayou_pond_c,
          hellmonk_ecumenical_altar_zigzags, uniq_terence
D:3:      minmay_spotlight, layout_loops_corners, grunt_temple_overflow_open,
          hex_large, mrwooster_statue_mirror, minmay_bisected, uniq_sigmund,
          uniq_crazy_yiuf_cottage
D:4:      layout_cave_pools
D:5:      layout_basic

Skill      XL: |  1  2  3  4  5  6 |
---------------+-------------------+-----
Stealth        | |  9.7
Invocations    | 1 2 |  2.2
Short Blades   | 1 2 |  2.0
Long Blades    | 1 2 |  2.0
Axes           | 1 2 |  2.0
Maces & Flails | 1 2 |  2.0
Staves         | 1 2 |  2.0
Slings         | 1 2 |  2.0
Bows           | 1 2 |  2.0
Crossbows      | 1 2 |  2.0
Throwing       | 1 2 |  2.0
Armour         | 1 2 |  2.0
Shields        | 1 2 |  2.0
Unarmed Combat | 1 2 |  2.0
Spellcasting   | 1 2 |  2.0
Evocations     | 1 2 |  2.0
Conjurations   | 1 |  1.6
Hexes          | 1 |  1.6
Summonings     | 1 |  1.6
Necromancy     | 1 |  1.6
Translocations | 1 |  1.6
Transmutations | 1 |  1.6
Fire Magic     | 1 |  1.6
Ice Magic      | 1 |  1.6
Air Magic      | 1 |  1.6
Earth Magic    | 1 |  1.6
Poison Magic   | 1 |  1.6
Polearms       | 5 |  5.0
Dodging        | 5 |  5.0
Fighting       | |  6.8

Action                   |  1- 3 |  4- 6 || total
-------------------------+-------+-------++-------
Melee: Spear             |    28 |       ||    28
       Bite              |     1 |    21 ||    22
       Dagger            |     5 |   172 ||   177
 Fire: Hunting sling     |    34 |    10 ||    44
  Use: Potion            |     1 |       ||     1
 Stab: Sleeping          |     2 |    15 ||    17
Armor: Leather armour    |     8 |       ||     8
       Scale mail        |     1 |    30 ||    31
       Ring mail         |       |    22 ||    22
Dodge: Dodged            |    17 |    76 ||    93
Block: Buckler           |       |    14 ||    14

Table legend: (Time is in decaauts)
 A = Elapsed time spent in this place.
 B = Non-inter-level travel time spent in this place.
 C = Inter-level travel time spent in this place.
 D = Time resting spent in this place.
 E = Time spent auto-exploring this place.
 F = Levels seen in this place.
 G = Mean time per level.
                   A        B        C        D        E       F      G
               +--------+--------+--------+--------+--------+-----+--------+
         Total |   3290 |   3184 |    106 |      0 |   2520 |   5 |  658.0 |
       Dungeon |   3290 |   3184 |    106 |      0 |   2520 |   5 |  658.0 |
               +--------+--------+--------+--------+--------+-----+--------+

Top non-repeatable levels by time:
     D:2: 1092 daAuts
     D:3: 814 daAuts
     D:1: 771 daAuts
     D:4: 603 daAuts
     D:5: 9 daAuts
